 Dungeon Crawl Stone Soup version 0.26-b1-32-g5d43845318 (webtiles) character file.

Game seed: 560024189886432162

1036 Borgoz the Skirmisher (level 8, 0/69 HPs)
             Began as a Ghoul Gladiator on Jan 13, 2021.
             Was a Follower of Ashenzari.
             Slain by a bullfrog (6 damage)
             ... on level 6 of the Dungeon.
             The game lasted 00:06:01 (5054 turns).

Borgoz the Skirmisher (Ghoul Gladiator)             Turns: 5054, Time: 00:06:02

Health: 0/69       AC: 15    Str: 18    XL:     8   Next: 24%
Magic:  7/7        EV: 12    Int:  3    God:    Ashenzari [*.....]
Gold:   301        SH:  0    Dex: 12    Spells: 7/7 levels left

rFire    + . .     SeeInvis .   v - +0 morningstar
rCold    + . .     Faith    .   (no shield)
rNeg     + + +     Spirit   .   r - +2 scale mail {rF+}
rPois    ∞         Reflect  .   c - +0 helmet
rElec    .         Harm     .   a - +0 cloak
rCorr    .         Rampage  .   (no gloves)
Will     .....                  (no boots)
Stlth    ..........             (no amulet)
HPRegen  0.00/turn              o - +4 ring of protection
MPRegen  0.10/turn              (no ring)

@: no status effects
A: claws 1, cold resistance 1, negative energy resistance 3, inhibited
regeneration, torment resistance, unbreathing
a: Renounce Religion, Curse Item, Scrying


You were on level 6 of the Dungeon.
You worshipped Ashenzari.
Ashenzari was aware of your devotion.
You visited 1 branch of the dungeon, and saw 6 of its levels.

You collected 301 gold pieces.

Inventory:

Hand Weapons
 v - a +0 morningstar (weapon)
Missiles
 d - 3 throwing nets (quivered)
Armour
 a - a +0 cloak (worn)
 c - a +0 helmet (worn)
 r - a +2 scale mail of fire resistance (worn)
Jewellery
 o - a +4 ring of protection (left claw)
Wands
 i - a wand of flame (13)
Scrolls
 b - 4 scrolls of remove curse
 e - a scroll of magic mapping {unknown}
 f - 2 scrolls of enchant weapon
 g - a scroll of fear {unknown}
 h - 2 scrolls of random uselessness {unknown}
 k - a scroll of brand weapon {unknown}
 m - a scroll of fog {unknown}
 n - 5 scrolls of teleportation
 p - 2 scrolls of blinking {unknown}
 q - 2 scrolls of enchant armour
 t - a scroll of noise {unknown}
 u - a scroll of amnesia {unknown}
Potions
 j - 3 potions of flight


   Skills:
 + Level 5.4 Fighting
 + Level 5.0 Maces & Flails
 - Level 1.7 Throwing
 + Level 4.0 Armour
 + Level 5.0 Dodging


You had 7 spell levels left.
You didn't know any spells.
Your spell library contained the following spells:

 Spells                   Type           Power        Failure   Level
 Beastly Appendage        Tmut           Unusable     N/A         1
 Wereblood                Tmut           Unusable     N/A         2
 Spider Form              Tmut/Pois      Unusable     N/A         3
 Ice Form                 Ice/Tmut       Unusable     N/A         4
 Blade Hands              Tmut           Unusable     N/A         5

Dungeon Overview and Level Annotations

Branches:
Dungeon (6/15)
 Temple: D:4-7

Altars:
Ashenzari
Nemelex Xobeh
Qazlal

Annotations:
D:6 Maggie


Innate Abilities, Weirdness & Mutations

You thrive by killing the living.
You are immune to poison.
You have sharp fingernails.
Your flesh is cold resistant. (rC+)
You are immune to negative energy. (rN+++)
You do not regenerate when monsters are visible.
You are immune to unholy pain and torment.
You can survive without breathing.


Message History

Maggie attempts to bespell you! You resist. The bullfrog misses you.
There is an open door here.
You hit the bullfrog but do no damage.
The bullfrog is moderately wounded.
The bullfrog hits you.
* * * LOW HITPOINT WARNING * * *
The bullfrog barely misses you.
You hit the bullfrog.
The bullfrog is moderately wounded.
The bullfrog completely misses you.
The bullfrog hits you but does no damage.
You miss the bullfrog.
The bullfrog is moderately wounded.
The bullfrog closely misses you.
The bullfrog hits you but does no damage.
You closely miss the bullfrog.
The bullfrog is moderately wounded.
The bullfrog hits you but does no damage.
The bullfrog hits you.
You die...

...).......=...
...............
...=...........
#+######@#######
#.).#...........
#<..#...........
#...#.@.........
#...##F#####...#
#...##.@..# ...#
#....#..!.# ...
#....#....+ ..
#....#....#
#...####)##
#...####.)######
#...............#
#...............#
#...............+


You could see Maggie and a bullfrog.

Vanquished Creatures
  Prince Ribbit (D:5)
  A phantom (D:5)
  An ice beast (D:5)
  2 ogres (D:5)
  A scorpion (D:4)
  A bullfrog zombie (D:5)
  A centaur zombie (D:5)
  2 hounds
  An orc priest (D:6)
  Terence (D:3)
  Crazy Yiuf (D:5)
  3 worker ants
  A hound zombie (D:5)
  7 adders
  A white imp (D:5)
  2 adder skeletons (D:4)
  3 worms
  3 dart slugs
  3 leopard geckos
  9 orcs
  3 bats
  3 giant cockroaches
  5 goblins
  3 hobgoblins
  3 jackals (D:1)
  6 kobolds
  5 quokkas
  A ball python (D:3)
  6 frilled lizards
  5 rats
85 creatures vanquished.

Notes
Turn   | Place    | Note
-------+----------+-------------------------------------------
     0 | D:1      | Borgoz the Ghoul Gladiator began the quest for the Orb.
     0 | D:1      | Reached XP level 1. HP: 17/17 MP: 0/0
   175 | D:1      | Reached XP level 2. HP: 24/25 MP: 1/1
   280 | D:1      | Found a broken altar of Ashenzari.
   293 | D:1      | Became a worshipper of Ashenzari the Shackled
   929 | D:2      | Reached XP level 3. HP: 28/30 MP: 2/2
   939 | D:2      | Reached skill level 1 in Armour
  1130 | D:2      | Found a stormy altar of Qazlal.
  1348 | D:3      | Reached * piety under Ashenzari
  1522 | D:3      | Reached XP level 4. HP: 37/37 MP: 3/3
  1522 | D:3      | Noticed Terence
  1541 | D:3      | Killed Terence
  1940 | D:3      | Found a faded altar of an unknown god.
  2130 | D:3      | Reached XP level 5. HP: 45/45 MP: 4/4
  3231 | D:5      | Entered Level 5 of the Dungeon
  3278 | D:5      | Noticed an ogre
  3285 | D:5      | Noticed a phantom
  3290 | D:5      | Killed an ogre
  3291 | D:5      | Reached XP level 6. HP: 22/52 MP: 5/5
  3335 | D:5      | Killed a phantom
  3369 | D:5      | Reached XP level 7. HP: 15/60 MP: 6/6
  3593 | D:5      | Found a sparkling altar of Nemelex Xobeh.
  3869 | D:5      | Noticed Prince Ribbit
  3907 | D:5      | Found a runed translucent door.
  3908 | D:5      | Noticed Crazy Yiuf
  3913 | D:5      | Killed Crazy Yiuf
  4587 | D:5      | Killed Prince Ribbit
  4588 | D:5      | Reached skill level 5 in Fighting
  4588 | D:5      | Reached XP level 8. HP: 45/68 MP: 7/7
  4991 | D:6      | Reached skill level 5 in Maces & Flails
  4991 | D:6      | Reached skill level 5 in Dodging
  5038 | D:6      | Noticed Maggie
  5054 | D:6      | Slain by a bullfrog

Illustrated notes

Levels and vault maps discovered:
D:1:      dpeg_arrival_tiny_h, layout_loops_ring, serial_park_tiny_2,
          ashenzari_altar_1
D:2:      layout_rooms, lemuel_doored_altar
D:3:      layout_basic, chequers_ecumenical_altar_lobes, uniq_terence
D:4:      layout_loops_corners, uniq_edmund
D:5:      layout_loops_ring, lemuel_crystal_altar, kennysheep_potato,
          uniq_crazy_yiuf_cottage, uniq_prince_ribbit1
D:6:      layout_gridville, minmay_temple_entry_poolview, chequers_arboretum,
          minmay_strange_pillars, uniq_maggie

Skill      XL: |  1  2  3  4  5  6  7  8 |
---------------+-------------------------+-----
Maces & Flails | 3 4 5 |  5.0
Dodging        | 3 4 5 |  5.0
Armour         | 1 2 3 4 |  4.0
Fighting       | 3 4 5 |  5.4
Throwing       | |  1.7

Action                   |  1- 3 |  4- 6 |  7- 9 || total
-------------------------+-------+-------+-------++-------
Melee: Flail             |   123 |   155 |       ||   278
       Morningstar       |       |       |   140 ||   140
Throw: Throwing net      |       |     1 |       ||     1
Evoke: Wand              |       |       |     7 ||     7
  Use: Potion            |     1 |       |     7 ||     8
       Scroll            |       |     4 |     2 ||     6
Armor: Leather armour    |    52 |     4 |       ||    56
       Scale mail        |       |    66 |    74 ||   140
Dodge: Dodged            |   100 |   102 |    92 ||   294
